 Dungeon Crawl Stone Soup version 0.22-a0-799-g88f5e90 (webtiles) character file.

71 muxecoid the Digger (level 4, -1/30 HPs)
             Began as a Formicid Earth Elementalist on July 21, 2018.
             Slain by Edmund
             ... wielding a +3 dire flail of protection
              (8 damage)
             ... on level 3 of the Dungeon.
             The game lasted 00:08:42 (2513 turns).

muxecoid the Digger (Formicid Earth Elementalist)   Turns: 2513, Time: 00:08:43

Health: -1/30      AC:  2    Str: 13    XL:     4   Next: 47%
Magic:  8/8        EV: 12    Int: 14    God:
Gold:   187        SH:  0    Dex: 12    Spells: 1/8 levels left

rFire    . . .     SeeInvis +   a - +0 dagger (speed)
rCold    . . .     Gourm    .   (no shield)
rNeg     . . .     Faith    .   c - +0 robe
rPois    .         Spirit   .   (helmet unavailable)
rElec    .         Reflect  .   (no cloak)
rCorr    .         Harm     .   (no gloves)
MR       .....                  (no boots)
Stlth    ++........             (no amulet)
HPRegen  0.10/turn              (no ring)
MPRegen  0.11/turn              (no ring)

@: no status effects
A: permanent stasis, dig shafts and tunnels, four strong arms, antennae 3
a: Dig, Shaft Self


You were on level 3 of the Dungeon.
You were not hungry.

You visited 1 branch of the dungeon, and saw 4 of its levels.

You collected 187 gold pieces.

Inventory:

Hand Weapons
 a - a +0 dagger of speed (weapon)
 b - a +0 falchion
Missiles
 g - 106 stones (quivered)
Armour
 c - a +0 robe (worn)
Scrolls
 e - 4 scrolls of fog {unknown}
 f - 8 scrolls of identify {unknown}
 h - a scroll of remove curse {unknown}
 i - 3 scrolls of magic mapping {unknown}
 k - a scroll of enchant weapon {unknown}
 l - 4 scrolls of teleportation {unknown}
 m - a scroll of random uselessness {unknown}
Potions
 j - a potion of agility {unknown}
 n - a potion of magic {unknown}
 o - a potion of curing {unknown}
Comestibles
 d - 5 rations
 p - a chunk of flesh


   Skills:
 * Level 1.6 Short Blades
 - Level 2.0 Dodging
 * Level 2.9 Stealth
 + Level 2.7 Spellcasting
 + Level 1.1 Transmutations
 + Level 4.7 Earth Magic


You had one spell level left.
You knew the following spells:

 Your Spells              Type           Power        Failure   Level  Hunger
a - Sandblast             Erth           ###...       3%          1    #......
b - Passwall              Tmut/Erth      ##......     10%         2    ###....
c - Petrify               Tmut/Erth      ##......     54%         4    #####..

Your spell library contained the following spells:

 Spells                   Type           Power        Failure   Level  Hunger
 Stone Arrow              Conj/Erth      #.....       26%         3    ###....
 Lee's Rapid Deconstruct  Erth           ###.......   65%         5    ######.


Dungeon Overview and Level Annotations

Branches:
Dungeon (4/15)
 Temple: D:4-7

Altars:
Trog

Annotations:
D:3 Edmund
D:4 Natasha, Robin


Innate Abilities, Weirdness & Mutations

You cannot be hasted, slowed, berserked, paralysed or teleported.
You can dig through walls and to a lower floor.
Your four strong arms can wield two-handed weapons with a shield.
You have a pair of large antennae on your head. (SInv)


Message History

You climb upwards.
There is a stone staircase leading down here.
(D) Dungeon
Where to? (Enter - D:4, ? - help)
You climb downwards.
Level annotation: Edmund, Natasha, Robin The goblin shouts!
Edmund hits you with a dire flail of protection!
There is a stone staircase leading up, spattered with blood here.
Natasha hisses angrily.
Edmund closely misses you.
You climb upwards.
There is a stone staircase leading down here.
Are you sure you want to shaft yourself?
You feel somewhat more hungry.
Edmund hits you with a dire flail of protection!
* * * LOW HITPOINT WARNING * * *
You begin to dig a shaft.
You continue digging a shaft.
Edmund hits you with a dire flail of protection!
You die...

#.##.................>.........
#.##...........................
#.##...........................
#............#.................
####.........###....#..........
#............#.>............
#..................######...
#..........................)
##.........@...............#
#........@..#.............#
#...........+.............#
##.....>....###.#.........#
#..........###.#.........#
##...........##+#'##...###.
#.......................#..
##+###...................#..
#.)..#)..................#..


You could see Edmund.

Vanquished Creatures
  2 adders (D:3)
  An ooze (D:3)
  A worm (D:2)
  4 leopard geckos
  A giant cockroach (D:1)
  13 goblins
  4 hobgoblins
  2 ball pythons (D:2)
  4 bats
  3 frilled lizards
  5 kobolds
  A rat (D:1)
41 creatures vanquished.

Notes
Turn   | Place    | Note
-------+----------+-------------------------------------------
     0 | D:1      | muxecoid the Formicid Earth Elementalist began the quest for the Orb.
     0 | D:1      | Reached XP level 1. HP: 13/13 MP: 3/3
   339 | D:1      | Reached XP level 2. HP: 9/19 MP: 1/5
   340 | D:1      | Reached skill level 4 in Earth Magic
   993 | D:2      | Found a bloodstained altar of Trog.
  1074 | D:2      | Learned a level 2 spell: Passwall
  1163 | D:2      | Reached XP level 3. HP: 23/24 MP: 6/6
  1242 | D:2      | Found a faded altar of an unknown god.
  1665 | D:3      | Reached skill level 1 in Short Blades
  1700 | D:3      | Reached XP level 4. HP: 30/30 MP: 6/8
  1891 | D:3      | Learned a level 4 spell: Petrify
  2379 | D:4      | Noticed Robin
  2379 | D:4      | Noticed Natasha
  2502 | D:4      | Noticed Edmund
  2502 | D:4      | Noticed a phantom
  2513 | D:3      | Slain by Edmund

Vault maps used:
D:1:      scummos_arrival_hexagon, serial_curves, eino_curves_03, eino_curves_04
D:2:      overflow_temple_1_default, chequers_ecumenical_altar_simple_redux
D:4:      first_ration, serial_curves, eino_curves_02, eino_curves_03,
          minmay_stone_trees_small, nrook_mini_backslash, uniq_eustachio,
          uniq_edmund, uniq_robin, uniq_natasha

Skill      XL: |  1  2  3 |
---------------+----------+-----
Earth Magic    | 4 |  4.7
Dodging        | 2 |  2.0
Short Blades   | 1 |  1.6
Stealth        | |  2.9
Spellcasting   | |  2.7
Transmutations | |  1.1

Action                   |  1- 3 |  4- 6 || total
-------------------------+-------+-------++-------
Melee: Dagger            |    50 |    19 ||    69
       Unarmed           |     1 |       ||     1
 Cast: Sandblast         |    22 |    13 ||    35
       Passwall          |       |     2 ||     2
 Abil: Shaft Self        |       |     1 ||     1
 Stab: Sleeping          |     7 |     2 ||     9
  Eat: Chunk             |     2 |     1 ||     3
       Ration            |       |     1 ||     1
Armor: Robe              |     9 |     6 ||    15
Dodge: Dodged            |    29 |    15 ||    44

Table legend:
 A = Spawn XP
 B = Non-spawn XP
 C = Spawn XP percentage of total XP
 D = Spawn monster count
 E = Non-spawn monster count
 F = Spawn count percentage of total count
 G = Total turns spent on level
                    A         B        C        D         E        F      G
               +---------+---------+-------+---------+---------+-------+---------
         Total |       0 |     102 |   0.0 |       0 |      41 |   0.0 |  2513
               +---------+---------+-------+---------+---------+-------+---------
           D:1 |       0 |      20 |   0.0 |       0 |      12 |   0.0 |   955
           D:2 |       0 |      27 |   0.0 |       0 |      14 |   0.0 |   704
           D:3 |       0 |      55 |   0.0 |       0 |      15 |   0.0 |   847
               +---------+---------+-------+---------+---------+-------+---------
